 Dungeon Crawl Stone Soup version 0.31.0-9-g3a7656b989 (webtiles) character file.

Game seed: 12794737025956983267

91 qw the Shooter (level 4, -3/22 HPs)
             Began as a Spriggan Hunter on Feb 2, 2024.
             Slain by an orc priest
             ... wielding a +0 dagger
              (4 damage)
             ... on level 3 of the Dungeon.
             The game lasted 00:00:04 (1275 turns).

qw the Shooter (Spriggan Hunter)                    Turns: 1275, Time: 00:00:05

Health: -3/22      AC:  4    Str:  7    XL:     4   Next: 33%
Magic:  0/5        EV: 19    Int: 10    God:
Gold:   117        SH:  0    Dex: 20    Spells: 3/3 levels left

rFire   . . .        a - +0 shortbow
rCold   . . .        (shield currently unavailable)
rNeg    . . .        c - +0 robe
rPois   .            g - +2 hat
rElec   .            (no cloak)
rCorr   .            (gloves unavailable)
SInv    +            (boots unavailable)
Will    .....        f - amulet of guardian spirit
Stlth   ++           (no ring)
HPRegen 0.23/turn    (no ring)
MPRegen 0.09/turn

%: guardian spirit
@: very quick
A: very small, no large weapons, unfitting armour, see invisible, speed 3
a: no special abilities


You were on level 3 of the Dungeon.
You visited 1 branch of the dungeon, and saw 3 of its levels.

You collected 117 gold pieces.


Innate Abilities, Weirdness & Mutations

You are very small and have problems with some larger weapons.
You are too small for most types of armour.
You have supernaturally acute eyesight. (SInv)
You cover ground extremely quickly. (Speed+++)


   Skills:
 - Level 1.5 Fighting
 - Level 5.1 Ranged Weapons
 + Level 4.4 Dodging
 - Level 1.5 Stealth


You had 3 spell levels left.
You didn't know any spells.
Your spell library was empty.

Inventory:

Hand Weapons
 a - a +0 shortbow (weapon)
Armour
 c - a +0 robe (worn)
 g - a +2 hat (worn)
Jewellery
 f - an amulet of guardian spirit (around neck)
Wands
 h - a wand of iceblast (8)

Dungeon Overview and Level Annotations

Branches:
Dungeon (3/15)

Altars:

Shops:
D:3 [

Annotations:
D:3 2 transporters, qw's ghost, amateur DjHu


Message History

The orc barely misses you.
An orc priest comes into view. It is wielding a +0 dagger.
You shoot an arrow. The arrow closely misses the orc.
The orc priest shouts!
You hear a shout!
The orc barely misses you.
The orc priest mumbles some strange prayers to Beogh against you.
Beogh smites you!
Ouch! That really hurt!
You hear a shout!
You shoot an arrow. The arrow hits the orc.
The orc is moderately wounded.
You hear a shout!
The orc completely misses you. The orc closely misses you.
You shoot an arrow. The arrow completely misses the orc.
The orc completely misses you.
You shoot an arrow. The arrow barely misses the orc.
The orc misses you.
You shoot an arrow.
The arrow hits the orc but does no damage.
The orc is moderately wounded.
The orc misses you.
You shoot an arrow.
The arrow hits the orc but does no damage.
The orc is moderately wounded.
The orc hits you with a +0 hand axe.
You shoot an arrow. The arrow closely misses the orc.
The orc misses you. The orc priest barely misses you.
You shoot an arrow. The arrow closely misses the orc.
The orc closely misses you.
The orc priest hits you but does no damage.
You shoot an arrow. The arrow closely misses the orc.
The orc misses you.
The orc priest hits you but does no damage.
You shoot an arrow. The arrow hits the orc.
The orc is heavily wounded.
A kobold comes into view. It is wielding a +0 short sword.
The orc hits you with a +0 hand axe.
The orc priest hits you with a +0 dagger. x2
You die...

#... #... #...
#### ## ######.K.
######## #........
#.......
#oo).######.######
#@####............
#.#..#.####.######
#....#.# #.#
###..#.# #(#
#..#.# #.# #..#.#
#.# ########..#.#
#.# ..........#.#
#.# ########.##.#


You could see an orc priest, an orc and a kobold.

Vanquished Creatures
  Jessica (D:2)
  An adder (D:3)
  3 dart slugs
  2 ribbon worms
  2 orcs (D:3)
  9 ball pythons
  An endoplasm (D:2)
  A giant cockroach (D:2)
  4 goblins
  4 hobgoblins
  A quokka (D:1)
  6 bats
  2 frilled lizards (D:1)
  3 kobolds
  2 rats (D:1)
42 creatures vanquished.

Notes
Turn   | Place    | Note
-------+----------+-------------------------------------------
     0 | D:1      | qw the Spriggan Hunter began the quest for the Orb.
     0 | D:1      | Reached XP level 1. HP: 10/10 MP: 2/2
     0 | D:1      | 0 ||| qw: Version: 0.3-a-155-g5e7d8dd
     0 | D:1      | 0 ||| qw: Game counter: 900
     0 | D:1      | 0 ||| qw: Melee chars always use a shield: true
     0 | D:1      | 0 ||| qw: God list: Okawaru
     0 | D:1      | 0 ||| qw: Allow faded altars: false
     0 | D:1      | 0 ||| qw: Do Orc after clearing Dungeon:15 true
     0 | D:1      | 0 ||| qw: Do second Lair branch before Depths: true
     0 | D:1      | 0 ||| qw: Lair rune preference: random
     0 | D:1      | 0 ||| qw: Goals: Normal
     0 | D:1      | 0 ||| PLANNING D:1-11
    17 | D:1      | Reached skill level 3 in Dodging
   109 | D:1      | Reached XP level 2. HP: 14/14 MP: 3/3
   329 | D:1      | 329 ||| UPGRADING to amulet of guardian spirit.
   334 | D:1      | 334 ||| READING 2 scrolls labelled BIOSAB QOLE.
   334 | D:1      | 334 ||| IDENTIFYING scroll labelled TIORITOJUTE
   335 | D:1      | 335 ||| DROPPING scroll of butterflies.
   336 | D:1      | 336 ||| DROPPING scroll of fear.
   387 | D:2      | Reached XP level 3. HP: 13/18 MP: 1/4
   415 | D:2      | Found a faded altar of an unknown god.
   539 | D:2      | Noticed Jessica
   686 | D:2      | Killed Jessica
   687 | D:2      | Reached skill level 5 in Ranged Weapons
   687 | D:2      | Reached XP level 4. HP: 22/22 MP: 5/5
   945 | D:2      | 945 ||| UPGRADING to +2 hat.
   950 | D:2      | 950 ||| READING scroll of identify.
   950 | D:2      | 950 ||| IDENTIFYING 2 viscous green potions
   951 | D:2      | 951 ||| READING scroll labelled EMUNAUSOLA.
   952 | D:2      | 952 ||| READING scroll labelled ACVULE VEDY.
   952 | D:2      | 952 ||| ENCHANTING +0 shortbow.
   953 | D:2      | 953 ||| READING scroll labelled MAEZU DATTIOGHIX.
   954 | D:2      | 954 ||| DROPPING 2 potions of brilliance.
  1002 | D:3      | Found a transporter.
  1003 | D:3      | Noticed qw's ghost (amateur DjHu)
  1026 | D:3      | Found a transporter.
  1064 | D:3      | Found Realeimo's Antique Armour Shoppe.
  1073 | D:3      | 1073 ||| SHOPLISTING brightly glowing scarf (270 gold, have
                  | 76).
  1073 | D:3      | 1073 ||| SHOPLISTING twisted robe (153 gold, have 76).
  1266 | D:3      | HP: 5/22 [orc priest/divine providence (13)]
  1271 | D:3      | HP: 2/22 [orc/+0 hand axe (4)]
  1275 | D:3      | Slain by an orc priest

Levels and vault maps discovered:
D:1:      minmay_arrival_diagonal_passages, layout_basic, minmay_tetromino_l2
D:2:      layout_basic, dreamdust_ecumenical_altar_grove, uniq_jessica
D:3:      minmay_angry_zag, layout_basic, gammafunk_ghost_arena, serial_shops,
          shop

Skill      XL: |  1  2  3 |
---------------+----------+-----
Dodging        | 3 4 |  4.4
Ranged Weapons | 5 |  5.1
Fighting       | |  1.5
Stealth        | |  1.5

Action                     |  1- 3 |  4- 6 || total
---------------------------+-------+-------++-------
   Fire: Shortbow          |    88 |    37 ||   125
    Use: Scroll            |     1 |     4 ||     5
 Armour: Robe              |     7 |     9 ||    16
  Dodge: Dodged            |    35 |    24 ||    59

Table legend:
 A = Non-vault XP
 B = Vault XP
 C = Vault XP percentage of total XP
 D = Non-vault monster count
 E = Vault monster count
 F = Vault count percentage of total count
                 A         B        C        D         E       F
            +---------+---------+-------+---------+---------+-------
      Total |      91 |      39 |  30.0 |      39 |       3 |   7.1
            +---------+---------+-------+---------+---------+-------
        D:1 |      23 |       2 |   8.0 |      14 |       2 |  12.5
        D:2 |      40 |      37 |  48.1 |      19 |       1 |   5.0
        D:3 |      28 |       0 |   0.0 |       6 |       0 |   0.0
            +---------+---------+-------+---------+---------+-------
